 Dungeon Crawl Stone Soup version 0.17.0-26-gececa24 (webtiles) character file.

345 Lathuz the Cudgeler (level 6, -9/51 HPs)
             Began as a Minotaur Fighter on Nov 20, 2015.
             Mangled by a gnoll
             ... wielding a +0 halberd
              (13 damage)
             ... on level 4 of the Dungeon.
             The game lasted 00:11:38 (3636 turns).

Lathuz the Cudgeler (Minotaur Fighter)              Turns: 3636, Time: 00:11:38

Health: -9/51      AC:  8    Str: 21    XL:     6   Next: 32%
Magic:  5/5        EV:  7    Int:  6    God:
Gold:   137        SH: 10    Dex: 10    Spells: 0 memorised, 5 levels left

rFire  . . .     SeeInvis .     a - +0 flail
rCold  . . .     Clarity  .     b - +0 scale mail
rNeg   . . .     SustAt   .     c - +0 shield
rPois  .         Gourm    .     (helmet restricted)
rElec  .         Spirit   .     h - +0 cloak
rCorr  .         Warding  .     (no gloves)
rMut   .         Stasis   .     (no boots)
MR     .....                    (no amulet)
Stlth  ..........               (no ring)
                                (no ring)

@: not resistant to hostile enchantments, extremely unstealthy
A: retaliatory headbutt, horns 2
a: no special abilities


You were on level 4 of the Dungeon.
You were not hungry.

You visited 1 branch of the dungeon, and saw 4 of its levels.

You collected 137 gold pieces.

Inventory:

Hand Weapons
 a - a +0 flail (weapon)
Missiles
 f - 73 stones (quivered)
Armour
 b - a +0 scale mail (worn)
 c - a +0 shield (worn)
 h - a +0 cloak (worn)
Jewellery
 k - a cursed amulet of inaccuracy {unknown}
Wands
 v - a wand of digging (14)
Scrolls
 i - a scroll of enchant armour {unknown}
 l - 5 scrolls of identify {unknown}
 m - a scroll of fog {unknown}
 n - a scroll of noise {unknown}
 q - 2 scrolls of recharging {unknown}
 r - a scroll of magic mapping {unknown}
 u - a scroll of remove curse {unknown}
Potions
 d - a potion of might
 g - 2 potions of brilliance {unknown}
 o - a potion of cancellation {unknown}
 p - a potion of mutation {unknown}
 t - a potion of curing {unknown}
 w - a potion of degeneration {unknown}
Comestibles
 e - a bread ration
 j - 5 fruits
 s - a royal jelly
 x - a beef jerky
 z - 7 chunks of flesh


   Skills:
 - Level 3.6 Fighting
 * Level 6.9 Maces & Flails
 - Level 3.6 Armour
 + Level 5.6 Shields


You had 5 spell levels left.
You didn't know any spells.

Dungeon Overview and Level Annotations

Branches:
Dungeon (4/15)
 Temple: D:4-7

Altars:
Ashenzari
Elyvilon
Nemelex Xobeh
Ru

Annotations:
D:4 Raultor's ghost, amateur OpAE


Innate Abilities, Weirdness & Mutations

You reflexively headbutt those who attack you in melee.
You have a pair of horns on your head.


Message History

The gnoll hits you but does no damage. You block the gnoll's attack.
The gnoll hits you with a club.
Raultor's ghost stares at you and mumbles some strange words.
The zap hits you! x2
* * * LOW HITPOINT WARNING * * *
You block the gnoll's attack.
You hit Raultor's ghost. You headbutt Raultor's ghost!
Raultor's ghost is severely damaged.
The gnoll closely misses you.
The gnoll hits you from afar with a halberd.
* * * LOW HITPOINT WARNING * * *
The gnoll hits you but does no damage. You block Raultor's ghost's attack.
The gnoll hits you!
* * * LOW HITPOINT WARNING * * *
The gnoll hits you but does no damage.
Some of the chunks of flesh in your inventory have rotted away.
You barely miss Raultor's ghost.
Raultor's ghost is severely damaged.
The gnoll hits you from afar with a halberd!
You die...

...#... .......#..#..#
..........#..#..#
..........#..#..#
....#...##..#..## ..#
.....#...##..#...####(.#
...#.....#...........(.###
...#.[...#...g@.((.(.(....
.............Wg.........
.......<......gg......#
........)#..##..##....#
...............(##....#####
................(..........
..##.....รท......(.........###
............................
...........#...........##.###.#


You could see Raultor's ghost and 4 gnolls.

Vanquished Creatures
  A worker ant (D:4)
  A jelly (D:3)
  Ijyb (D:3)
  Natasha (twice) (D:2)
  Robin (D:3)
  4 adders
  9 gnolls
  An ooze (D:2)
  4 worms
  A ball python (D:2)
  9 bats
  6 giant cockroaches
  14 goblins
  9 hobgoblins
  8 kobolds
  A quokka (D:2)
  5 giant newts
  7 rats
84 creatures vanquished.

Notes
Turn   | Place    | Note
--------------------------------------------------------------
     0 | D:1      | Lathuz the Minotaur Fighter began the quest for the Orb.
     0 | D:1      | Reached XP level 1. HP: 19/19 MP: 0/0
   182 | D:1      | Reached XP level 2. HP: 26/26 MP: 1/1
   475 | D:1      | Reached skill level 4 in Shields
   740 | D:1      | Reached XP level 3. HP: 29/31 MP: 2/2
  1011 | D:2      | Noticed Natasha
  1123 | D:2      | Killed Natasha
  1253 | D:2      | Reached XP level 4. HP: 39/39 MP: 3/3
  1268 | D:2      | Found a sparkling altar of Nemelex Xobeh.
  1760 | D:2      | Noticed Natasha
  1767 | D:2      | Killed Natasha
  1781 | D:2      | Reached skill level 5 in Maces & Flails
  2355 | D:3      | Reached XP level 5. HP: 33/45 MP: 4/4
  2516 | D:3      | Noticed Ijyb
  2524 | D:3      | Noticed Robin
  2529 | D:3      | Killed Ijyb
  2529 | D:3      | Reached skill level 5 in Shields
  2541 | D:3      | Killed Robin
  2699 | D:3      | Found a sacrificial altar of Ru.
  2802 | D:3      | Reached skill level 6 in Maces & Flails
  2978 | D:3      | Found a white marble altar of Elyvilon.
  2986 | D:3      | Found a shattered altar of Ashenzari.
  3164 | D:4      | Reached XP level 6. HP: 51/51 MP: 5/5
  3626 | D:4      | Noticed Raultor's ghost (amateur OpAE)
  3636 | D:4      | Mangled by a gnoll

Action                   |  1- 3 |  4- 6 || total
-------------------------+-------+-------++-------
Melee: Flail             |    96 |   157 ||   253
Throw: Stone             |    20 |   101 ||   121
  Eat: Chunk             |     1 |     5 ||     6
       Bread ration      |       |     1 ||     1
